 Dungeon Crawl Stone Soup version 0.30-a0-591-g3c58d2bc28 (webtiles) character file.

Game seed: 17466440363240558834

1164 Crownlay the Nimble (level 8, -2/67 HPs)
             Began as a Gnoll Wanderer on Jan 5, 2023.
             Was a Believer of Okawaru.
             Slain by Duvessa
             ... wielding a +0 short sword
              (3 damage)
             ... on level 5 of the Dungeon.
             The game lasted 00:07:42 (4840 turns).

Crownlay the Nimble (Gnoll Wanderer)                Turns: 4840, Time: 00:07:43

Health: -2/67      AC: 11    Str: 13    XL:     8   Next: 40%
Magic:  13/13      EV: 12    Int: 13    God:    Okawaru [**....]
Gold:   203        SH:  0    Dex: 11    Spells: 13/13 levels left

rFire   + . .      SeeInvis .    a - +1 quarterstaff
rCold   . . .      Faith    .    (shield currently unavailable)
rNeg    + + .      Spirit   .    h - +2 scale mail {Will+}
rPois   .          Reflect  .    j - +0 helmet of the Thoughtful Coins {rF+ rN++}
rElec   .          Harm     .    (no cloak)
rCorr   .          Rampage  .    r - +0 pair of gloves
Will    +....                    (no boots)
Stlth   +                        (no amulet)
HPRegen 0.31/turn                (no ring)
MPRegen 0.13/turn                (no ring)

@: no status effects
A: fangs 1, strong nose, distributed training
a: Renounce Religion, Heroism


You were on level 5 of the Dungeon.
You worshipped Okawaru.
Okawaru was pleased with you.
You visited 2 branches of the dungeon, and saw 7 of its levels.

You collected 203 gold pieces.

Inventory:

Hand Weapons
 a - a +1 quarterstaff (weapon)
Armour
 h - a +2 scale mail of willpower (worn)
 j - the +0 helmet of the Thoughtful Coins (worn) {rF+ rN++}
   (You acquired it on level 4 of the Dungeon)

   rF:        It protects you from fire.
   rN:        It greatly protects you from negative energy.
 r - a +0 pair of gloves (worn)
Jewellery
 p - a ring of ice
 x - a ring of ice
Wands
 q - a wand of acid (6)
 z - a wand of paralysis (14)
Scrolls
 c - 3 scrolls of poison {unknown}
 i - a scroll of fog
 k - 3 scrolls of torment
 l - a scroll of immolation {unknown}
 o - a scroll of enchant weapon {unknown}
 t - a scroll of silence {unknown}
 u - a scroll of vulnerability {unknown}
 y - a scroll of amnesia {unknown}
Potions
 b - a potion of heal wounds {unknown}
 d - a potion of attraction
 f - a potion of curing
 g - a potion of lignification {unknown}
 m - 2 potions of flight
 s - a potion of mutation {unknown}
 v - a potion of invisibility {unknown}
 w - a potion of resistance


   Skills:
 + Level 7.4 Fighting
 + Level 3.3 Short Blades
 + Level 3.3 Long Blades
 + Level 3.3 Axes
 + Level 3.3 Maces & Flails
 + Level 3.3 Polearms
 + Level 5.7 Staves
 + Level 3.3 Ranged Weapons
 + Level 3.3 Throwing
 + Level 3.3 Armour
 + Level 11.0 Dodging
 + Level 3.3 Stealth
 + Level 3.3 Shields
 + Level 3.3 Unarmed Combat
 + Level 3.3 Spellcasting
 + Level 2.7 Conjurations
 + Level 2.7 Hexes
 + Level 2.7 Summonings
 + Level 2.7 Necromancy
 + Level 2.7 Translocations
 + Level 2.7 Transmutations
 + Level 2.7 Fire Magic
 + Level 2.7 Ice Magic
 + Level 2.7 Air Magic
 + Level 2.7 Earth Magic
 + Level 2.7 Poison Magic
 + Level 3.7 Invocations
 + Level 3.3 Evocations


You had 13 spell levels left.
You didn't know any spells.
Your spell library contained the following spells:

 Spells                   Type           Power      Damage    Failure   Level
 Magic Dart               Conj           36%        1d4       30%         1
 Shock                    Conj/Air       36%        1d5       30%         1
 Blink                    Tloc           18%        N/A       43%         2
 Momentum Strike          Conj/Tloc      18%        3d8       43%         2
 Searing Ray              Conj           18%        2d5       43%         2
 Kindle Blastsparks       Fire/Tloc/Air  18%        2d11      67%         3
 Lesser Beckoning         Tloc           18%        N/A       67%         3
 Portal Projectile        Hex/Tloc       18%        N/A       67%         3
 Swiftness                Air            9%         N/A       67%         3
 Airstrike                Air            4%         2d(1-17)  97%         4
 Fulminant Prism          Conj/Hex       4%         3d5       97%         4
 Iskenderun's Mystic Bla  Conj/Tloc      9%         2d4       97%         4
 Passage of Golubria      Tloc           9%         N/A       97%         4
 Blade Hands              Tmut           4%         N/A       100%        5
 Lee's Rapid Deconstruct  Erth           4%         3d5*      100%        5
 Yara's Violent Unravell  Hex/Tmut       4%         3d4       100%        5
 Tukima's Dance           Hex            Unusable   N/A       N/A         3

Dungeon Overview and Level Annotations

Branches:
Dungeon (6/15)             Temple (1/1) D:4

Altars:
Cheibriados
Okawaru
Ru
Uskayaw
Yredelemnul
The Shining One

Shops:
D:2 [

Annotations:
D:5 Duvessa, Eustachio


Innate Abilities, Weirdness & Mutations

You have very sharp teeth.
Your uncanny sense of smell can sniff out nearby items.
Your experience applies equally to all skills.


Message History

You are too injured to fight recklessly!
You sock Duvessa!
Duvessa is heavily wounded.
Duvessa hits you but does no damage.
You barely miss Duvessa.
Duvessa is heavily wounded.
Duvessa hits you but does no damage. Duvessa closely misses you.
You hit Duvessa.
Duvessa is heavily wounded.
Duvessa hits you but does no damage.
You hit Duvessa.
Duvessa is severely wounded.
Duvessa hits you with a +0 short sword! Duvessa barely misses you.
You hit Duvessa. Your bite misses Duvessa.
Duvessa is severely wounded.
Duvessa closely misses you.
You hit Duvessa but do no damage.
Duvessa is severely wounded.
Duvessa barely misses you. x2
You hit Duvessa but do no damage.
Duvessa is severely wounded.
Duvessa hits you with a +0 short sword!
* * * LOW HITPOINT WARNING * * *
You hit Duvessa but do no damage. You bite Duvessa, but do no damage.
Duvessa is severely wounded.
Duvessa misses you. Duvessa hits you with a +0 short sword.
* * * LOW HITPOINT WARNING * * *
You closely miss Duvessa.
Duvessa is severely wounded.
Duvessa hits you with a +0 short sword.
* * * LOW HITPOINT WARNING * * *
You hit Duvessa but do no damage. You bite Duvessa, but do no damage.
Duvessa is severely wounded.
Duvessa hits you with a +0 short sword!
* * * LOW HITPOINT WARNING * * *
Duvessa misses you.
You hit Duvessa but do no damage. Your bite misses Duvessa.
Duvessa is severely wounded.
Duvessa hits you with a +0 short sword.
You die...

#.# #.......... #.# #..........
#.# #.......... #.# #..........
#.# #.......... #.#
######.......... #.#
#...............
###.####....######...............
).....)..(.....e@................
###.####....######.......########
#.# #.......# #.# ######### ###.#
.##.# ....# #..## ∆ .#.#


You could see Duvessa (berserk).

Vanquished Creatures
  A black bear (D:6)
  An ogre (D:5)
  A phantom (D:4)
  A scorpion (D:6)
  Dowan (D:5)
  5 killer bees (D:6)
  3 jellies
  A hound (D:5)
  2 gnoll boudas
  3 iguanas
  3 orc wizards
  12 gnolls
  7 adders
  A shadow imp (D:5)
  14 orcs
  9 ball pythons
  7 endoplasms
  2 giant cockroaches
  9 goblins
  6 hobgoblins
  2 quokkas
  5 bats
  4 frilled lizards
  7 kobolds
  5 rats
112 creatures vanquished.

Vanquished Creatures (others)
  4 fungi (D:6)
4 creatures vanquished.

Grand Total: 116 creatures vanquished

Notes
Turn   | Place    | Note
-------+----------+-------------------------------------------
     0 | D:1      | Reached skill level 10 in Dodging
     0 | D:1      | Crownlay the Gnoll Wanderer began the quest for the Orb.
     0 | D:1      | Crownlay set off with the following items: a +1
                  | quarterstaff, 4 throwing nets, a +0 leather armour, a
                  | potion of attraction.
     0 | D:1      | Reached XP level 1. HP: 23/23 MP: 1/1
   115 | D:1      | Reached XP level 2. HP: 24/29 MP: 2/2
   553 | D:1      | Reached XP level 3. HP: 32/35 MP: 3/3
   630 | D:2      | Reached skill level 1 in Invocations
   882 | D:2      | Found Cisem's Armour Boutique.
   947 | D:2      | Found an iron altar of Okawaru.
   964 | D:2      | Became a worshipper of Warmaster Okawaru
  1012 | D:2      | Reached skill level 1 in Short Blades
  1012 | D:2      | Reached skill level 1 in Long Blades
  1012 | D:2      | Reached skill level 1 in Axes
  1012 | D:2      | Reached skill level 1 in Maces & Flails
  1012 | D:2      | Reached skill level 1 in Polearms
  1012 | D:2      | Reached skill level 1 in Ranged Weapons
  1012 | D:2      | Reached skill level 1 in Throwing
  1012 | D:2      | Reached skill level 1 in Armour
  1012 | D:2      | Reached skill level 1 in Stealth
  1012 | D:2      | Reached skill level 1 in Shields
  1012 | D:2      | Reached skill level 1 in Unarmed Combat
  1012 | D:2      | Reached skill level 1 in Spellcasting
  1012 | D:2      | Reached skill level 1 in Evocations
  1045 | D:2      | Found a faded altar of an unknown god.
  1132 | D:3      | Reached XP level 4. HP: 37/41 MP: 5/5
  1148 | D:3      | Reached skill level 1 in Conjurations
  1148 | D:3      | Reached skill level 1 in Hexes
  1148 | D:3      | Reached skill level 1 in Summonings
  1148 | D:3      | Reached skill level 1 in Necromancy
  1148 | D:3      | Reached skill level 1 in Translocations
  1148 | D:3      | Reached skill level 1 in Transmutations
  1148 | D:3      | Reached skill level 1 in Fire Magic
  1148 | D:3      | Reached skill level 1 in Ice Magic
  1148 | D:3      | Reached skill level 1 in Air Magic
  1148 | D:3      | Reached skill level 1 in Earth Magic
  1148 | D:3      | Reached skill level 1 in Poison Magic
  1310 | D:3      | Identified the +7 dagger of the Shrike {drain, rPois}
  1328 | D:3      | Reached XP level 5. HP: 47/47 MP: 5/7
  2049 | D:4      | Reached XP level 6. HP: 45/53 MP: 8/8
  2079 | D:4      | Reached skill level 5 in Staves
  2573 | D:4      | Found a staircase to the Ecumenical Temple.
  2587 | Temple   | Entered the Ecumenical Temple
  2811 | D:4      | Identified a scroll of acquirement
  3074 | D:4      | Acquired the +0 helmet of the Thoughtful Coins {rF+ rN++}
  3119 | D:5      | Entered Level 5 of the Dungeon
  3152 | D:5      | Reached XP level 7. HP: 28/60 MP: 10/10
  3289 | D:5      | Reached * piety under Okawaru
  3558 | D:5      | Noticed Dowan
  3564 | D:5      | Noticed Duvessa
  3566 | D:5      | Killed Dowan
  4108 | D:6      | Reached XP level 8. HP: 40/67 MP: 12/12
  4317 | D:5      | Noticed Eustachio
  4347 | D:5      | Reached ** piety under Okawaru
  4463 | D:6      | HP: 3/67 [poisoned by Eustachio]
  4713 | D:6      | Reached skill level 11 in Dodging
  4839 | D:5      | HP: 1/67 [Duvessa/+0 short sword (7)]
  4840 | D:5      | Slain by Duvessa

Illustrated notes

Levels and vault maps discovered:
D:1:      dpeg_arrival_rooms_with_view, layout_basic
D:2:      layout_rooms, shapermc_ecumenical_altar_acropolis, serial_shops,
          nicolae_shop_statue_plus, basic_altar, minmay_pentomino_u4
D:3:      layout_loops_cross, kennysheep_generic_room_10
D:4:      layout_basic, minmay_temple_entry_statues_fountains
D:5:      layout_basic, serial_shops, shop, uniq_ijyb, uniq_eustachio,
          uniq_duvessa
D:6:      kennysheep_housing_project, layout_basic, tgw_kikubaaqudgha,
          serial_aquarium, aquarium_bridge_straight [aquarium_subvault_bridge,
          aquarium_subvault_balcony, aquarium_subvault_bridge,
          aquarium_subvault_wall], aquarium_window_corridor_1,
          aquarium_window_2, aquarium_window_fake, aquarium_view_2e,
          aquarium_view_2b, aquarium_balcony_3b, uniq_prince_ribbit1
Temple:   nicolae_temple_bog_church

Skill      XL: |  1  2  3  4  5  6  7  8 |
---------------+-------------------------+-----
Dodging        | 11 | 11.0
Invocations    | 1 2 3 |  3.7
Short Blades   | 1 2 3 |  3.3
Long Blades    | 1 2 3 |  3.3
Axes           | 1 2 3 |  3.3
Maces & Flails | 1 2 3 |  3.3
Polearms       | 1 2 3 |  3.3
Ranged Weapons | 1 2 3 |  3.3
Throwing       | 1 2 3 |  3.3
Armour         | 1 2 3 |  3.3
Stealth        | 1 2 3 |  3.3
Shields        | 1 2 3 |  3.3
Unarmed Combat | 1 2 3 |  3.3
Spellcasting   | 1 2 3 |  3.3
Evocations     | 1 2 3 |  3.3
Conjurations   | 1 2 |  2.7
Hexes          | 1 2 |  2.7
Summonings     | 1 2 |  2.7
Necromancy     | 1 2 |  2.7
Translocations | 1 2 |  2.7
Transmutations | 1 2 |  2.7
Fire Magic     | 1 2 |  2.7
Ice Magic      | 1 2 |  2.7
Air Magic      | 1 2 |  2.7
Earth Magic    | 1 2 |  2.7
Poison Magic   | 1 2 |  2.7
Staves         | 5 |  5.7
Fighting       | 7 |  7.4

Action                   |  1- 3 |  4- 6 |  7- 9 || total
-------------------------+-------+-------+-------++-------
Melee: Quarterstaff      |    98 |   123 |   228 ||   449
       Bite              |     6 |    10 |    17 ||    33
Throw: Throwing net      |       |       |     6 ||     6
       Javelin           |       |       |     3 ||     3
Evoke: Wand              |       |     2 |     3 ||     5
  Use: Scroll            |       |     8 |     4 ||    12
       Potion            |       |       |     5 ||     5
 Stab: Sleeping          |     1 |     5 |       ||     6
       Held in net/web   |       |       |     2 ||     2
Armor: Leather armour    |    19 |    37 |     1 ||    57
       Scale mail        |       |       |   125 ||   125
Dodge: Dodged            |    74 |   102 |   147 ||   323

Table legend: (Time is in decaauts)
 A = Elapsed time spent in this place.
 B = Non-inter-level travel time spent in this place.
 C = Inter-level travel time spent in this place.
 D = Time resting spent in this place.
 E = Time spent auto-exploring this place.
 F = Levels seen in this place.
 G = Mean time per level.
                   A        B        C        D        E       F      G
               +--------+--------+--------+--------+--------+-----+--------+
         Total |   4861 |   4802 |     59 |    251 |   3583 |   7 |  694.4 |
       Dungeon |   4859 |   4800 |     59 |    251 |   3583 |   6 |  809.8 |
        Temple |      1 |      1 |      0 |      0 |      0 |   1 |    1.0 |
               +--------+--------+--------+--------+--------+-----+--------+

Top non-repeatable levels by time:
     D:4: 1131 daAuts
     D:6: 1119 daAuts
     D:3: 863 daAuts
     D:1: 623 daAuts
     D:5: 609 daAuts
     D:2: 512 daAuts
  Temple: 1 daAuts
